 Dungeon Crawl Stone Soup version 0.28.0-1-gb440e238dd (webtiles) character file.

Game seed: 1166323112649576503

2023 croobank the Cleaver (level 9, -1/81 HPs)
             Began as a Hill Orc Fighter on Feb 25, 2022.
             Was a Believer of Beogh.
             Slain by a yak (12 damage)
             ... on level 6 of the Dungeon.
             The game lasted 00:19:58 (5997 turns).

croobank the Cleaver (Hill Orc Fighter)             Turns: 5997, Time: 00:19:59

Health: -1/81      AC: 19    Str: 23    XL:     9   Next: 23%
Magic:  9/9        EV:  8    Int:  8    God:    Beogh [**....]
Gold:   374        SH:  5    Dex: 10    Spells: 8/8 levels left

rFire   . . .      SeeInvis .   a - +0 war axe
rCold   . . .      Faith    .   c - +0 buckler
rNeg    . . .      Spirit   .   e - +4 chain mail
rPois   .          Reflect  .   k - +2 helmet
rElec   .          Harm     .   l - scarf {shadows}
rCorr   .          Rampage  .   (no gloves)
Will    .....                   E - +0 pair of boots
Stlth   ..........              (no amulet)
HPRegen 0.23/turn               (no ring)
MPRegen 0.11/turn               (no ring)

@: mighty
A: no striking features
a: Renounce Religion, Smiting


You were on level 6 of the Dungeon.
You worshipped Beogh.
Beogh was pleased with you.
You visited 1 branch of the dungeon, and saw 6 of its levels.
You also visited: Ossuary.

You collected 374 gold pieces.

Inventory:

Hand Weapons
 a - a +0 war axe (weapon)
 b - a +0 hunting sling
 w - a +4 quarterstaff of chaos
 A - a +0 shortbow
 F - a +2 great sword
 G - a +3 falchion
 H - a +4 long sword of freezing
Missiles
 f - 207 stones (quivered)
 i - 20 sling bullets
 m - a throwing net
 s - 62 arrows
Armour
 c - a +0 buckler (worn)
 d - a +0 scale mail
 e - a +4 chain mail (worn)
 k - a +2 helmet (worn)
 l - a scarf of shadows (worn)
 x - a +0 cloak of willpower
 E - a +0 pair of boots (worn)
Jewellery
 g - an amulet of faith
Wands
 h - a wand of digging (4)
 j - a wand of flame (16)
 o - a wand of polymorph (17)
Scrolls
 n - a scroll of amnesia
 t - 3 scrolls of blinking
 v - 2 scrolls of teleportation {unknown}
 y - 3 scrolls of enchant weapon {unknown}
 B - 2 scrolls of vulnerability {unknown}
 C - 3 scrolls of immolation {unknown}
Potions
 p - a potion of degeneration {unknown}
 r - 2 potions of attraction {unknown}
 u - 4 potions of curing {unknown}
 z - a potion of mutation {unknown}
 D - 2 potions of heal wounds


   Skills:
 + Level 7.9 Fighting
 + Level 8.1 Axes
 + Level 7.2 Armour
 + Level 7.3 Shields


You had 8 spell levels left.
You didn't know any spells.
Your spell library contained the following spells:

 Spells                   Type           Power      Damage    Failure   Level
 Leda's Liquefaction      Hex/Erth       0%         N/A       100%        4
 Lee's Rapid Deconstruct  Erth           0%         3d5*      100%        5
 Statue Form              Tmut/Erth      0%         N/A       100%        6


Dungeon Overview and Level Annotations

Branches:
Dungeon (6/15)             Temple (0/1) D:5         Ossuary (visited)

Altars:
Fedhas
Makhleb
Nemelex Xobeh

Shops:
D:4 [


Message History

You closely miss the yak. You slash the yak!
The yak gores you but does no damage. The yak gores you. x3
* * * LOW HITPOINT WARNING * * *
The yak gores you but does no damage. The yak closely misses you.
Things that are here:
a +2 hand axe; a +0 robe You block the yak's attack.
You see here a +0 robe.
You hit the yak.
The yak is lightly wounded.
You block the yak's attack.
You slash the yak!
The yak is heavily wounded.
The yak barely misses you.
You slash the yak!
You kill the yak!
Beogh accepts your kill.
You closely miss the yak.
The yak is lightly wounded.
The yak gores you but does no damage.
You barely miss the yak.
The yak is lightly wounded.
The yak gores you!
* * * LOW HITPOINT WARNING * * *
You hit the yak.
The yak is moderately wounded.
The yak gores you!
* * * LOW HITPOINT WARNING * * *
You block the yak's attack.
You slice the yak!!
The yak is almost dead.
The yak gores you but does no damage.
You barely miss the yak.
The yak is almost dead.
The yak gores you but does no damage.
You barely miss the yak.
The yak is almost dead.
The yak gores you!
You die...

#.##....##..............#
#.##....##..............#
#.##....##..............#
#.########..............#
#.# #..............' #.#
#..............# #.#
#..............#
#.########..............#
#....[..@YY.............'
##########Y.............#
################


You could see 3 yaks.

Vanquished Creatures
  Sigmund (D:4)
  2 yaks (D:6)
  An ice beast (D:6)
  An ogre (D:3)
  2 centaurs
  A bullfrog (D:6)
  3 elf zombies (Ossuary)
  2 scorpions
  5 wights (D:6)
  A howler monkey (D:5)
  A centaur zombie (D:6)
  A human zombie (Ossuary)
  5 hounds
  Crazy Yiuf (D:5)
  2 orc wizards
  Ijyb (D:3)
  2 iguanas
  2 mummies (Ossuary)
  A hound skeleton (D:4)
  Robin (D:2)
  6 adders
  7 gnolls
  2 shadow imps (D:6)
  2 adder skeletons
  An adder zombie (Ossuary)
  A worm (D:2)
  A dart slug (D:1)
  3 orcs (D:4)
  2 endoplasms
  2 giant cockroaches
  12 goblins
  7 hobgoblins (D:2)
  6 jackals
  2 quokkas
  8 ball pythons
  3 bats
  A goblin zombie (Ossuary)
  8 hobgoblin zombies (Ossuary)
  5 kobolds
  14 kobold zombies (Ossuary)
  7 orc zombies (Ossuary)
  3 rats
  A rat zombie (Ossuary)
140 creatures vanquished.

Vanquished Creatures (others)
  An orc priest (D:6)
  An orc (D:6)
2 creatures vanquished.

Grand Total: 142 creatures vanquished

Notes
Turn   | Place    | Note
-------+----------+-------------------------------------------
     0 | D:1      | croobank the Hill Orc Fighter began the quest for the Orb.
     0 | D:1      | Reached XP level 1. HP: 19/19 MP: 1/1
   109 | D:1      | Reached XP level 2. HP: 27/27 MP: 2/2
   122 | D:1      | Reached skill level 3 in Axes
   191 | D:1      | Found a faded altar of an unknown god.
   231 | D:1      | Reached XP level 3. HP: 22/33 MP: 3/3
   394 | D:1      | You fall into a shaft and drop 1 floor!
   394 | D:2      | Noticed Robin
   408 | D:2      | Killed Robin
   409 | D:2      | Reached XP level 4. HP: 25/40 MP: 4/4
  1132 | D:3      | Noticed an ogre
  1299 | D:4      | Reached skill level 4 in Axes
  1299 | D:4      | Reached XP level 5. HP: 23/47 MP: 5/5
  1512 | D:3      | Killed an ogre
  1869 | D:3      | Reached skill level 5 in Fighting
  1990 | D:3      | Reached XP level 6. HP: 56/56 MP: 6/6
  2044 | D:3      | Noticed Ijyb
  2051 | D:3      | Killed Ijyb
  2469 | D:4      | Noticed Sigmund
  2498 | D:4      | Killed Sigmund
  2499 | D:4      | Reached skill level 5 in Axes
  2499 | D:4      | Reached skill level 5 in Armour
  2499 | D:4      | Reached skill level 5 in Shields
  2499 | D:4      | Reached XP level 7. HP: 37/61 MP: 7/7
  3075 | D:4      | Found Haickagg's Armour Shop.
  3345 | D:5      | Entered Level 5 of the Dungeon
  3700 | D:5      | Found a staircase to the Ecumenical Temple.
  3839 | D:5      | Found a runed translucent door.
  3840 | D:5      | Noticed Crazy Yiuf
  3881 | D:5      | Killed Crazy Yiuf
  3923 | D:5      | Reached skill level 6 in Axes
  4024 | D:5      | Found a sparkling altar of Nemelex Xobeh.
  4024 | D:5      | Found a burning altar of Makhleb.
  4126 | D:5      | Found a blossoming altar of Fedhas.
  4326 | D:5      | Reached XP level 8. HP: 52/71 MP: 8/8
  4730 | D:6      | Became a worshipper of Beogh the Brigand
  5099 | D:6      | Found a sand-covered staircase.
  5119 | Ossuary  | Entered an ossuary
  5281 | Ossuary  | Reached * piety under Beogh
  5382 | Ossuary  | Reached skill level 7 in Axes
  5760 | D:6      | Reached XP level 9. HP: 53/78 MP: 9/9
  5967 | D:6      | Reached ** piety under Beogh
  5968 | D:6      | Reached skill level 8 in Axes
  5997 | D:6      | Slain by a yak

Illustrated notes

Levels and vault maps discovered:
D:1:      scummos_arrival_forest, layout_basic,
          hellmonk_ecumenical_altar_zigzags
D:2:      layout_rooms, grunt_ministairs_9, uniq_robin
D:3:      minmay_angry_zag, layout_loops_cross, hex_large, uniq_ijyb
D:4:      layout_loops_cross, serial_shops, shop, uniq_sigmund
D:5:      layout_basic, amethyst_overflow_temple_binary,
          fedhas_bush_and_centaur_altar, minmay_temple_entry_slanted,
          amcnicky_mini_pool_small, uniq_crazy_yiuf_cottage
D:6:      layout_basic, enter_ossuary_1

Skill      XL: |  1  2  3  4  5  6  7  8  9 |
---------------+----------------------------+-----
Axes           | 3 4 5 6 7 8 |  8.1
Fighting       | 4 5 6 7 |  7.9
Armour         | 4 5 6 7 |  7.2
Shields        | 4 5 6 7 |  7.3

Action                   |  1- 3 |  4- 6 |  7- 9 || total
-------------------------+-------+-------+-------++-------
Melee: War axe           |    50 |   119 |   326 ||   495
Invok: Convert to Beogh  |       |       |     1 ||     1
  Use: Potion            |     1 |     3 |     3 ||     7
       Scroll            |       |     2 |     2 ||     4
Armor: Scale mail        |    26 |    26 |       ||    52
       Chain mail        |       |    34 |   217 ||   251
       Skin              |       |     1 |       ||     1
Dodge: Dodged            |    39 |    44 |   108 ||   191
Block: Buckler           |    12 |    21 |    65 ||    98
